 Dungeon Crawl Stone Soup version 0.31-a0-263-ge8cad7f256 (webtiles) character file.

Game seed: 7115202199225809133

5703 qw the Skirmisher (level 10, -3/88 HPs)
             Began as a Minotaur Hexslinger on July 13, 2023.
             Was a Priest of Okawaru.
             Constricted to death by Erolcha (6 damage)
             ... on level 9 of the Dungeon.
             The game lasted 00:02:58 (7350 turns).

qw the Skirmisher (Minotaur Hexslinger)             Turns: 7350, Time: 00:02:58

Health: -3/88      AC: 11    Str: 12 (13) XL:     10   Next: 48%
Magic:  11/12      EV: 15    Int: 10      God:    Okawaru [***...]
Gold:   538        SH:  5    Dex: 23      Spells: 10/11 levels left

rFire   . . .        Y - +2 orcbow (flame)
rCold   + . .        (shield currently unavailable)
rNeg    . . .        o - +0 ring mail
rPois   .            (helmet restricted)
rElec   .            h - +0 cloak
rCorr   .            i - +0 pair of gloves
SInv    .            b - +0 pair of boots
Will    +....        p - amulet of reflection
Stlth   +++          l - +6 ring of dexterity
HPRegen 0.34/turn    (no ring)
MPRegen 0.13/turn

%: reflection
@: about to teleport, heroic, grasped by roots, constricted
A: horns 2, retaliatory headbutt, cold resistance 1, deterioration 1,
strong-willed 1
a: Renounce Religion, Heroism


You were on level 9 of the Dungeon.
You worshipped Okawaru.
Okawaru was most pleased with you.
You visited 1 branch of the dungeon, and saw 9 of its levels.

You collected 538 gold pieces.


Innate Abilities, Weirdness & Mutations

You have a pair of horns on your head.
You reflexively headbutt those who attack you in melee.
Your flesh is cold resistant. (rC+)
Your body sometimes deteriorates upon taking damage.
You are strong-willed. (Will+)


   Skills:
 + Level 8.2(13.2) Fighting
 - Level 13.0(18.0) Ranged Weapons
 - Level 4.4(9.4) Armour
 - Level 6.2(11.2) Dodging
 - Level 1.0 Spellcasting
 - Level 2.0 Hexes
 - Level 4.0 Invocations


You had 10 spell levels left.
You knew the following spells:

 Your Spells              Type           Power      Damage    Failure   Level
a - Slow                  Hex            16%        N/A       28%         1

Your spell library contained the following spells:

 Spells                   Type           Power      Damage    Failure   Level
 Inner Flame              Hex/Fire       2%         N/A       78%         3
 Portal Projectile        Hex/Tloc       4%         N/A       78%         3
 Cause Fear               Hex            2%         N/A       96%         4

Inventory:

Hand Weapons
 Y - a +2 orcbow of flaming (weapon)
Armour
 b - a +0 pair of boots (worn)
 h - a +0 cloak (worn)
 i - a +0 pair of gloves (worn)
 o - a +0 ring mail (worn)
Jewellery
 l - a +6 ring of dexterity (left hand)
 p - an amulet of reflection (around neck)
Wands
 t - a wand of digging (6)
Scrolls
 f - a scroll of teleportation
 m - a scroll of identify
Potions
 a - 2 potions of mutation
 c - 8 potions of curing
 d - a potion of cancellation
 e - a potion of heal wounds
 g - 4 potions of haste
 n - a potion of enlightenment
 q - 2 potions of might
 s - a potion of magic

Dungeon Overview and Level Annotations

Branches:
Dungeon (9/15)             Temple (0/1) D:7
   Lair: D:8-11         Orc: D:9-12

Altars:
Gozag
Kikubaaqudgha
Makhleb
Nemelex Xobeh
Okawaru
Qazlal
Ru
Uskayaw
Vehumet
Wu Jian
Yredelemnul
Zin
The Shining One

Shops:
D:6 :

Portals:
Abyss: D:9

Annotations:
D:7 4 runed translucent doors
D:9 2 transporters, Erolcha; qw's ghost, novice MiHs


Message History

You block the yak's attack.
You shoot an arrow. The arrow barely misses the yak.
You shoot an arrow. The arrow completely misses the yak.
The yak gores you. x2; Erolcha zaps a wand.
The roots erupt in riotous growth!
The yak is unaffected.
Erolcha is unaffected.
The yak is unaffected. x2
The grasping roots grab you! The grasping roots constrict you!
You hear an angry hiss.
You shoot an arrow. The arrow hits the yak!
The arrow burns the yak.
You kill the yak!
Okawaru accepts your kill. The yak gores you but does no damage.
The grasping roots constrict you!
Your body deteriorates!
You feel weakened.
Your base Ranged Weapons skill increases to level 13!
You shoot an arrow. The arrow hits the yak.
The arrow burns the yak.
The yak is lightly wounded.
The grasping roots constrict you. The yak gores you.
You shoot an arrow. The arrow hits the yak!
The arrow burns the yak.
The yak is heavily wounded.
Erolcha screams, "Erolcha happy to kill you!"
The grasping roots constrict you.
You shoot an arrow. The arrow hits the yak.
The arrow burns the yak.
The yak is heavily wounded.
The grasping roots release their grip on you.
You shoot an arrow. The arrow hits the yak!!
The arrow burns the yak.
You kill the yak!
Okawaru accepts your kill.
You hear the loud creaking of a very distant portcullis.
Erolcha zaps a wand.
The roots erupt in riotous growth!
The grasping roots grab you!
Erolcha is unaffected.
The grasping roots constrict you.
You shoot an arrow. The arrow hits Erolcha!
The arrow burns Erolcha.
Erolcha is lightly wounded.
Erolcha screams, "Lunch!"
Erolcha hits you with a +0 giant club!! The grasping roots constrict you.
7350 ||| READING 2 scrolls of teleportation.
As you read the scroll of teleportation, it crumbles to dust.
You feel strangely unstable. Erolcha hits you with a +0 giant club!
The grasping roots constrict you.
You die...

### ...# #...
#... ##### ##
#.... #...###.#
#....####...#[#.#
#..YYO.##...#.#.#
#@##>......#
#..........#
####.......#
#####.### #.##
#..### .. ##...#
## ###.#### ###.#
.# #......# #.#


You could see Erolcha and 2 yaks.

Vanquished Creatures
  Maurice (D:8)
  A troll (D:9)
  A wraith (D:9)
  6 yaks
  A steam dragon (D:6)
  A vampire mosquito (D:7)
  A water moccasin (D:5)
  A sky beast (D:7)
  An orc warrior (D:7)
  3 ice beasts
  3 black bears
  A hornet zombie (D:5)
  An ogre (D:7)
  A centaur (D:9)
  2 kobold brigands
  9 bullfrogs
  2 gnoll sergeants (D:7)
  2 scorpions (D:5)
  10 wights
  5 killer bees (D:9)
  4 howler monkeys
  2 hounds
  5 orc priests
  2 gnoll boudas
  2 jellies (D:7)
  4 iguanas
  Ijyb (D:5)
  10 orc wizards
  A statue (D:3)
  A killer bee zombie (D:5)
  6 gnolls
  8 adders
  2 white imps
  An ufetubus (D:6)
  2 worms (D:3)
  3 dart slugs
  23 orcs
  4 ball pythons
  3 bats
  9 endoplasms
  3 giant cockroaches
  8 goblins
  2 hobgoblins
  4 jackals (D:5)
  2 quokkas
  A frilled lizard (D:3)
  15 kobolds
  6 rats
187 creatures vanquished.

Vanquished Creatures (others)
  A wight (D:8)
1 creature vanquished.

Grand Total: 188 creatures vanquished

Notes
Turn   | Place    | Note
-------+----------+-------------------------------------------
     0 | D:1      | qw the Minotaur Hexslinger began the quest for the Orb.
     0 | D:1      | Reached XP level 1. HP: 16/16 MP: 1/1
     0 | D:1      | 0 ||| qw: Version: 0.3-a-52-g30416fa
     0 | D:1      | 0 ||| qw: Game counter: 7423
     0 | D:1      | 0 ||| qw: Melee chars always use a shield: true
     0 | D:1      | 0 ||| qw: God list: Okawaru
     0 | D:1      | 0 ||| qw: Allow faded altars: false
     0 | D:1      | 0 ||| qw: Do Orc after clearing Dungeon:15 true
     0 | D:1      | 0 ||| qw: Do second Lair branch before Depths: true
     0 | D:1      | 0 ||| qw: Lair rune preference: random
     0 | D:1      | 0 ||| qw: Goals: Normal
     0 | D:1      | 0 ||| PLANNING D:1-11
   208 | D:1      | Reached skill level 3 in Ranged Weapons
   208 | D:1      | Reached XP level 2. HP: 23/23 MP: 2/2
   425 | D:1      | Reached XP level 3. HP: 29/29 MP: 3/3
   710 | D:1      | 710 ||| UPGRADING to +0 leather armour.
   720 | D:1      | 720 ||| DROPPING +0 robe.
   721 | D:1      | 721 ||| READING scroll labelled CETI OGARGH.
   722 | D:1      | 722 ||| READING scroll labelled RUAGOG JATAST.
   723 | D:1      | 723 ||| READING scroll labelled FAGADI ZASSI.
   724 | D:1      | 724 ||| DRINKING 2 puce potions.
   725 | D:1      | 725 ||| DROPPING scroll of poison.
   998 | D:2      | Reached skill level 4 in Ranged Weapons
  1150 | D:2      | 1150 ||| UPGRADING to +0 pair of boots.
  1155 | D:2      | 1155 ||| READING scroll labelled JAEJOANIST.
  1156 | D:2      | 1156 ||| READING 2 scrolls labelled YSTOUQ ONUP.
  1161 | D:2      | 1161 ||| DRINKING 3 metallic cyan potions.
  1161 | D:2      | Gained mutation: Your body sometimes deteriorates upon
                  | taking damage. [potion of mutation]
  1161 | D:2      | Gained mutation: You are strong-willed. (Will+) [potion of
                  | mutation]
  1161 | D:2      | Gained mutation: Your flesh is cold resistant. (rC+)
                  | [potion of mutation]
  1261 | D:3      | Found a radiant altar of Vehumet.
  1261 | D:3      | Noticed a frost-covered statue
  1264 | D:3      | Killed a frost-covered statue
  1314 | D:3      | Reached XP level 4. HP: 36/36 MP: 4/4
  1471 | D:3      | Found an iron altar of Okawaru.
  1472 | D:3      | 1472 ||| PLANNING OKAWARU WORSHIP
  1472 | D:3      | 1472 ||| UPGRADING to +6 ring of dexterity.
  1473 | D:3      | 1473 ||| READING scroll labelled IKLEFY MEAVEVU.
  1482 | D:3      | Became a worshipper of Warmaster Okawaru
  1483 | D:3      | 1483 ||| PLANNING D:1-11
  2023 | D:3      | 2023 ||| UPGRADING to +0 pair of gloves.
  2091 | D:4      | Reached skill level 5 in Ranged Weapons
  2265 | D:4      | Reached skill level 3 in Fighting
  2265 | D:4      | Reached XP level 5. HP: 45/45 MP: 5/5
  2273 | D:4      | Reached skill level 1 in Armour
  2512 | D:4      | 2512 ||| UPGRADING to amulet of reflection.
  2517 | D:4      | 2517 ||| READING scroll labelled CEZIMO IGUISK.
  2518 | D:4      | 2518 ||| READING scroll labelled BEARATA JAENAAN.
  2519 | D:4      | 2519 ||| DRINKING 3 orange potions.
  2534 | D:5      | Entered Level 5 of the Dungeon
  2566 | D:5      | Reached * piety under Okawaru
  2567 | D:5      | 2567 ||| INVOKING Heroism.
  2571 | D:5      | Reached skill level 6 in Ranged Weapons
  2571 | D:5      | Reached XP level 6. HP: 51/51 MP: 3/6
  2622 | D:5      | 2622 ||| INVOKING Heroism.
  2633 | D:5      | Reached skill level 1 in Invocations
  2749 | D:5      | Noticed a water moccasin
  2755 | D:5      | Killed a water moccasin
  2804 | D:5      | Reached XP level 7. HP: 59/60 MP: 6/8
  2959 | D:5      | Noticed Ijyb
  2960 | D:5      | 2960 ||| INVOKING Heroism.
  2971 | D:5      | Killed Ijyb
  2972 | D:5      | Reached skill level 3 in Dodging
  2972 | D:5      | Reached skill level 3 in Invocations
  3000 | D:5      | Found a glowing golden altar of the Shining One.
  3184 | D:5      | Found a sacrificial altar of Ru.
  3189 | D:5      | 3189 ||| SWAPPING to +2 orcbow of flaming.
  3190 | D:5      | 3190 ||| DROPPING +2 sling.
  3440 | D:5      | Found a basalt altar of Yredelemnul.
  3494 | D:5      | Found a glowing silver altar of Zin.
  3494 | D:5      | Noticed an angel
  3497 | D:5      | 3497 ||| READING scroll labelled KAR LAIMIRUOBE.
  3598 | D:5      | 3598 ||| READING 3 scrolls of identify.
  3598 | D:5      | 3598 ||| IDENTIFYING smoky yellow potion
  3599 | D:5      | 3599 ||| READING 2 scrolls of identify.
  3599 | D:5      | 3599 ||| IDENTIFYING murky green potion
  3671 | D:6      | 3671 ||| INVOKING Heroism.
  3688 | D:6      | 3688 ||| STAIRDANCE
  3690 | D:5      | 3690 ||| INVOKING Heroism.
  3694 | D:5      | Reached skill level 7 in Ranged Weapons
  3835 | D:6      | Found Jueza's Book Boutique.
  3903 | D:6      | 3903 ||| INVOKING Heroism.
  3998 | D:6      | Reached skill level 8 in Ranged Weapons
  3998 | D:6      | Reached XP level 8. HP: 67/67 MP: 10/10
  4011 | D:6      | 4011 ||| INVOKING Heroism.
  4056 | D:6      | 4056 ||| INVOKING Heroism.
  4206 | D:6      | Found a burning altar of Makhleb.
  4206 | D:6      | Noticed a green death
  4261 | D:6      | 4261 ||| READING 5 scrolls of identify.
  4261 | D:6      | 4261 ||| IDENTIFYING silvery potion
  4262 | D:6      | 4262 ||| READING 4 scrolls of identify.
  4262 | D:6      | 4262 ||| IDENTIFYING viscous dark potion
  4263 | D:6      | 4263 ||| READING 3 scrolls of identify.
  4263 | D:6      | 4263 ||| IDENTIFYING murky sapphire potion
  4264 | D:6      | 4264 ||| READING 2 scrolls of identify.
  4264 | D:6      | 4264 ||| IDENTIFYING ruby potion
  4265 | D:6      | 4265 ||| DROPPING potion of attraction.
  4266 | D:6      | 4266 ||| DROPPING potion of degeneration.
  4267 | D:6      | 4267 ||| DROPPING potion of lignification.
  4273 | D:7      | 4273 ||| INVOKING Heroism.
  4283 | D:7      | Reached skill level 9 in Ranged Weapons
  4331 | D:7      | Found a large runed translucent door.
  4332 | D:7      | Found a large runed translucent door.
  4350 | D:7      | 4350 ||| INVOKING Heroism.
  4358 | D:7      | Reached skill level 6 in Fighting
  4377 | D:7      | 4377 ||| INVOKING Heroism.
  4400 | D:7      | 4400 ||| INVOKING Heroism.
  4529 | D:7      | Identified the +1 morningstar of Integrity {heavy, Fragile
                  | rC++ Dex+3 Stlth+}
  4532 | D:7      | Reached skill level 10 in Ranged Weapons
  4532 | D:7      | Reached XP level 9. HP: 75/75 MP: 11/11
  4558 | D:7      | Noticed a gargoyle
  4570 | D:7      | Found a large runed translucent door.
  4694 | D:7      | Reached ** piety under Okawaru
  4704 | D:7      | 4704 ||| INVOKING Heroism.
  4875 | D:7      | Found a staircase to the Ecumenical Temple.
  5224 | D:7      | Found an ornate altar of the Wu Jian Council.
  5334 | D:7      | Found a large runed translucent door.
  5361 | D:7      | 5361 ||| INVOKING Heroism.
  5384 | D:7      | Reached skill level 11 in Ranged Weapons
  5412 | D:7      | 5412 ||| INVOKING Heroism.
  5693 | D:7      | 5693 ||| UPGRADING to +0 ring mail.
  5703 | D:7      | 5703 ||| DROPPING +0 leather armour.
  5704 | D:7      | 5704 ||| DROPPING ring of wizardry.
  5705 | D:7      | 5705 ||| DROPPING ring of magical power.
  5706 | D:7      | 5706 ||| READING scroll labelled CUNAUL YMIAL.
  5707 | D:7      | 5707 ||| READING 2 scrolls of identify.
  5707 | D:7      | 5707 ||| IDENTIFYING black potion
  5708 | D:7      | 5708 ||| DROPPING potion of ambrosia.
  5858 | D:8      | Found a sparkling altar of Nemelex Xobeh.
  5869 | D:8      | Noticed Maurice
  5870 | D:8      | Paralysed by Maurice for 3 turns
  5875 | D:8      | Reached skill level 3 in Armour
  5907 | D:8      | Killed Maurice
  5967 | D:8      | 5967 ||| INVOKING Heroism.
  5980 | D:8      | Reached skill level 12 in Ranged Weapons
  6065 | D:8      | Found an ancient bone altar of Kikubaaqudgha.
  6103 | D:8      | Found an opulent altar of Gozag.
  6259 | D:8      | Found a hide-covered altar of Uskayaw.
  6465 | D:8      | Reached XP level 10. HP: 87/88 MP: 12/12
  6485 | D:8      | 6485 ||| Stepping ~*~*~tactically~*~*~ (outnumbered).
  6487 | D:8      | 6487 ||| Stepping ~*~*~tactically~*~*~ (outnumbered).
  6494 | D:8      | Reached *** piety under Okawaru
  6595 | D:8      | 6595 ||| UPGRADING to +0 cloak.
  6600 | D:8      | 6600 ||| DRINKING 3 murky silvery potions.
  6601 | D:8      | 6601 ||| READING 3 scrolls of identify.
  6601 | D:8      | 6601 ||| IDENTIFYING blue potion
  6602 | D:8      | 6602 ||| READING 2 scrolls of identify.
  6602 | D:8      | 6602 ||| IDENTIFYING purple potion
  6603 | D:8      | 6603 ||| DROPPING 2 potions of brilliance.
  6641 | D:9      | Found a stormy altar of Qazlal.
  6647 | D:9      | Found a transporter.
  6647 | D:9      | Noticed a wizard
  6648 | D:9      | Noticed a great orb of eyes
  6686 | D:9      | Found a transporter.
  6686 | D:9      | Found a one-way gate to the infinite horrors of the Abyss.
  6686 | D:9      | Noticed qw's ghost (novice MiHs)
  6687 | D:9      | Noticed a toenail golem
  6714 | D:9      | 6714 ||| FLEEEEING.
  6715 | D:9      | 6715 ||| FLEEEEING.
  6716 | D:9      | 6716 ||| FLEEEEING.
  6717 | D:9      | 6717 ||| FLEEEEING.
  6718 | D:9      | 6718 ||| FLEEEEING.
  6719 | D:9      | 6719 ||| FLEEEEING.
  6720 | D:9      | 6720 ||| FLEEEEING.
  6721 | D:9      | 6721 ||| FLEEEEING.
  6722 | D:9      | 6722 ||| FLEEEEING.
  6723 | D:9      | 6723 ||| FLEEEEING.
  6724 | D:9      | 6724 ||| FLEEEEING.
  6725 | D:9      | 6725 ||| FLEEEEING.
  6726 | D:9      | 6726 ||| FLEEEEING.
  6727 | D:9      | 6727 ||| FLEEEEING.
  6732 | D:9      | 6732 ||| FLEEEEING.
  6733 | D:9      | 6733 ||| FLEEEEING.
  6734 | D:9      | 6734 ||| FLEEEEING.
  6735 | D:9      | 6735 ||| FLEEEEING.
  6736 | D:9      | 6736 ||| FLEEEEING.
  6737 | D:9      | 6737 ||| FLEEEEING.
  6738 | D:9      | 6738 ||| FLEEEEING.
  6739 | D:9      | 6739 ||| FLEEEEING.
  6740 | D:9      | 6740 ||| FLEEEEING.
  6741 | D:9      | 6741 ||| FLEEEEING.
  6742 | D:9      | 6742 ||| FLEEEEING.
  6743 | D:9      | 6743 ||| FLEEEEING.
  6744 | D:9      | 6744 ||| FLEEEEING.
  6745 | D:9      | 6745 ||| FLEEEEING.
  6746 | D:9      | 6746 ||| FLEEEEING.
  6747 | D:9      | 6747 ||| FLEEEEING.
  6748 | D:9      | 6748 ||| FLEEEEING.
  6749 | D:9      | 6749 ||| FLEEEEING.
  6750 | D:9      | 6750 ||| FLEEEEING.
  6751 | D:9      | 6751 ||| FLEEEEING.
  6752 | D:9      | 6752 ||| FLEEEEING.
  6753 | D:9      | 6753 ||| FLEEEEING.
  6754 | D:9      | 6754 ||| FLEEEEING.
  6755 | D:9      | 6755 ||| FLEEEEING.
  6756 | D:9      | 6756 ||| FLEEEEING.
  6757 | D:9      | 6757 ||| FLEEEEING.
  6758 | D:9      | 6758 ||| STAIRDANCE
  6825 | D:9      | 6825 ||| STAIRDANCE
  6828 | D:8      | 6828 ||| INVOKING Heroism.
  6833 | D:8      | Reached skill level 6 in Dodging
  7216 | D:9      | 7216 ||| Stepping ~*~*~tactically~*~*~ (outnumbered).
  7305 | D:9      | 7305 ||| INVOKING Heroism.
  7338 | D:9      | Noticed Erolcha
  7339 | D:9      | 7339 ||| INVOKING Heroism.
  7345 | D:9      | Reached skill level 13 in Ranged Weapons
  7349 | D:9      | HP: 17/88 [Erolcha/+0 giant club (34)]
  7350 | D:9      | 7350 ||| READING 2 scrolls of teleportation.
  7350 | D:9      | HP: 3/88 [Erolcha/+0 giant club (9)]
  7350 | D:9      | Constricted to death by Erolcha

Levels and vault maps discovered:
D:1:      zaba_arrival_water, layout_basic
D:2:      layout_rooms
D:3:      layout_loops_corners, overflow_temple_1_default, vehumet_statue
D:4:      layout_rooms, kennysheep_minor_cross
D:5:      layout_basic, hangedman_ru_absence, general_overflow_altar,
          lemuel_zombie_altar_yredelemnul, zin_angel, uniq_ijyb
D:6:      layout_rooms, makhleb_altar_promises_db, serial_shops,
          nicolae_shop_peninsula, minmay_between
D:7:      layout_layer_cave, nzn_wu_jian_contemplation,
          minmay_temple_entry_proselytizer, minmay_hollow_rounded_squares
D:8:      minmay_flawed_box, layout_basic,
          nicolae_gozag_cash_rules_everything_around_me,
          mainiacjoe_overflow_six_doors_small, nicolae_overflow_crystal_walls,
          nemelex_diamond_rough_becter, lemuel_flame_loot_1, uniq_maurice
D:9:      layout_roguey, nicolae_qazlal_style_of_elements,
          mainiacjoe_overflow_small_starburst, erik_lair_dragon,
          gammafunk_ghost_abyssal_escape, enter_bailey_4, roderic_st_hans_cross,
          minmay_microvault, uniq_erolcha, uniq_harold

Skill      XL: |  1  2  3  4  5  6  7  8  9 10 |
---------------+-------------------------------+-----
Ranged Weapons | 3 4 5 6 8 10 12 13 | 13.0
Fighting       | 2 3 4 6 7 8 |  8.2
Armour         | 1 3 4 |  4.4
Invocations    | 2 4 |  4.0
Dodging        | 3 4 5 6 |  6.2
Spellcasting   | |  1.0
Hexes          | |  2.0

Action                     |  1- 3 |  4- 6 |  7- 9 | 10-12 || total
---------------------------+-------+-------+-------+-------++-------
   Fire: Sling             |    87 |   156 |    35 |       ||   278
         Orcbow            |       |       |   231 |   100 ||   331
 Invoke: Heroism           |       |     2 |    14 |     3 ||    19
    Use: Scroll            |     5 |     3 |     9 |     3 ||    20
         Potion            |     2 |     1 |       |     1 ||     4
 Armour: Robe              |     2 |       |       |       ||     2
         Leather armour    |     2 |     6 |    29 |       ||    37
         Ring mail         |       |       |     5 |    16 ||    21
  Dodge: Dodged            |     9 |    40 |    86 |    47 ||   182
  Block: Other             |       |     6 |    35 |    12 ||    53
         Reflection        |       |       |       |     1 ||     1

Table legend:
 A = Non-vault XP
 B = Vault XP
 C = Vault XP percentage of total XP
 D = Non-vault monster count
 E = Vault monster count
 F = Vault count percentage of total count
                 A         B        C        D         E       F
            +---------+---------+-------+---------+---------+-------
      Total |    5171 |    2977 |  36.5 |     153 |      35 |  18.6
            +---------+---------+-------+---------+---------+-------
        D:1 |      43 |       0 |   0.0 |      22 |       0 |   0.0
        D:2 |      18 |       0 |   0.0 |      11 |       0 |   0.0
        D:3 |      40 |      32 |  44.4 |      17 |       1 |   5.6
        D:4 |     165 |       0 |   0.0 |       9 |       0 |   0.0
        D:5 |     775 |     189 |  19.6 |      25 |       3 |  10.7
        D:6 |     320 |     317 |  49.8 |       9 |       4 |  30.8
        D:7 |     960 |    1403 |  59.4 |      21 |      17 |  44.7
        D:8 |    1130 |     735 |  39.4 |      15 |       9 |  37.5
        D:9 |    1720 |     301 |  14.9 |      24 |       1 |   4.0
            +---------+---------+-------+---------+---------+-------
